| TOP OF THE 1ST |
|
Birmingham Barons batting - Pitching for Chattanooga Lookouts : LHP Antoine Champagne
|
|
Pitching: LHP Antoine Champagne
|
|
|
Batting: RHB Bobby Gulsby
|
0-0: Ball 1-0: Called Strike 1-1: Swinging Strike 1-2: Ball 2-2: Ground out 5-3 (Groundball, 56, EV 108.1 MPH)
|
|
Batting: RHB Dieter Knoops
|
0-0: Ball 1-0: Foul Ball, location: 2F 1-1: Ball 2-1: Fly out, F8 (Flyball, 89M, EV 87.5 MPH)
|
|
Batting: RHB Justin Walker
|
0-0: Foul Ball, location: 2F 0-1: Ball 1-1: Fly out, F6 (Line Drive, 6, EV 63.8 MPH)
|
| Top of the 1st over - 0 runs, 0 hits, 0 errors, 0 left on base; Birmingham 0 - Chattanooga 0 |
| BOTTOM OF THE 1ST |
|
Chattanooga Lookouts batting - Pitching for Birmingham Barons : RHP Alberto Castillo
|
|
Pitching: RHP Alberto Castillo
|
|
|
Batting: LHB Marius Tadini
|
0-0: Ball 1-0: Ball 2-0: Foul Ball, location: 2F 2-1: Foul Ball, location: 2F 2-2: Strikes out swinging
|
|
Batting: RHB Ruben Martinez
|
0-0: Called Strike 0-1: Called Strike 0-2: Foul Ball, location: 2F 0-2: Ball 1-2: Ground out 4-3 (Groundball, 4, EV 86.9 MPH)
|
|
Batting: RHB Isaiah Easter
|
0-0: Called Strike 0-1: Foul Ball, location: 2F 0-2: Strikes out swinging
|
| Bottom of the 1st over - 0 runs, 0 hits, 0 errors, 0 left on base; Birmingham 0 - Chattanooga 0 |
| TOP OF THE 2ND |
|
Birmingham Barons batting - Pitching for Chattanooga Lookouts : LHP Antoine Champagne
|
|
Batting: RHB Tony Reyna
|
0-0: Foul Ball, location: 2F 0-1: Swinging Strike 0-2: SINGLE (Line Drive, 8RS, EV 96.9 MPH)
|
|
Batting: RHB Casey McKinney
|
0-0: Ball 1-0: Swinging Strike 1-1: Swinging Strike 1-2: Ball 2-2: Strikes out swinging
|
|
Batting: LHB Nick Ramsdell
|
0-0: Ball 1-0: Swinging Strike 1-1: Ball 2-1: Ball 3-1: Base on Balls Tony Reyna to second
|
|
Batting: LHB Kevin Rolison
|
0-0: Swinging Strike 0-1: Swinging Strike 0-2: Ball 1-2: Ground out 6-3 (Groundball, 6S, EV 67.5 MPH) Tony Reyna to third Nick Ramsdell to second
|
|
Batting: LHB Ryan Dyal
|
0-0: Ball 1-0: Foul Ball, location: 2F 1-1: Swinging Strike 1-2: Ball 2-2: Foul Ball, location: 2F 2-2: Ball 3-2: Foul Ball, location: 2F 3-2: Strikes out swinging
|
| Top of the 2nd over - 0 runs, 1 hit, 0 errors, 2 left on base; Birmingham 0 - Chattanooga 0 |
| BOTTOM OF THE 2ND |
|
Chattanooga Lookouts batting - Pitching for Birmingham Barons : RHP Alberto Castillo
|
|
Batting: RHB Justin Allison
|
0-0: Called Strike 0-1: Ball 1-1: Foul Ball, location: 2F 1-2: Foul Ball, location: 2F 1-2: Fly out, F2 (Popup, 23F, EV 86.3 MPH)
|
|
Batting: LHB Kozo Kanamori
|
0-0: Ball 1-0: Called Strike 1-1: Fly out, F8 (Flyball, 8LD, EV 103.1 MPH)
|
|
Batting: SHB Chris Ortiz
|
0-0: Swinging Strike 0-1: Ball 1-1: Ground out 6-3 (Groundball, 6, EV 90.0 MPH)
|
| Bottom of the 2nd over - 0 runs, 0 hits, 0 errors, 0 left on base; Birmingham 0 - Chattanooga 0 |
| TOP OF THE 3RD |
|
Birmingham Barons batting - Pitching for Chattanooga Lookouts : LHP Antoine Champagne
|
|
Batting: SHB Tim Edelman
|
0-0: Ball 1-0: Ball 2-0: Ball 3-0: Base on Balls
|
|
Batting: RHB Bobby Gulsby
|
0-0: Called Strike 0-1: Ball 1-1: SINGLE (Groundball, 4MD, EV 101.3 MPH) Tim Edelman to second
|
|
Batting: RHB Dieter Knoops
|
0-0: Ball 1-0: Fly out, F6 (Flyball, 56D, EV 81.3 MPH)
|
|
Batting: RHB Justin Walker
|
0-0: Ball 1-0: Fielders Choice at 2nd, 1-6 (Groundball, 13S, EV 68.1 MPH) Tim Edelman to third
|
|
Batting: RHB Tony Reyna
|
0-0: Ball 1-0: Foul Ball, location: 2F 1-1: Ball 2-1: Ball 3-1: SINGLE (Line Drive, 7LS, EV 92.5 MPH) Tim Edelman scores Justin Walker to second
|
|
Batting: RHB Casey McKinney
|
0-0: Called Strike 0-1: Ball 1-1: 3-RUN HOME RUN (Flyball, 7D, EV 97.5 MPH), Distance : 373 ft
|
|
Batting: LHB Nick Ramsdell
|
0-0: SOLO HOME RUN (Flyball, 89XD, EV 104.4 MPH), Distance : 388 ft
|
|
Pitching: LHP Craig Anderson
|
|
|
Batting: LHB Kevin Rolison
|
0-0: Ball 1-0: Called Strike 1-1: Ball 2-1: Ground out 6-3 (Groundball, 6, EV 100.0 MPH)
|
| Top of the 3rd over - 5 runs, 4 hits, 0 errors, 0 left on base; Birmingham 5 - Chattanooga 0 |
| BOTTOM OF THE 3RD |
|
Chattanooga Lookouts batting - Pitching for Birmingham Barons : RHP Alberto Castillo
|
|
Batting: RHB Julian de Reus
|
0-0: Ball 1-0: Ball 2-0: Ball 3-0: Called Strike 3-1: Swinging Strike 3-2: Ground out 5-3 (Groundball, 56, EV 103.1 MPH)
|
|
Batting: RHB Francisque Regras
|
0-0: Called Strike 0-1: Ball 1-1: Ball 2-1: Called Strike 2-2: Ball 3-2: Foul Ball, location: 2F 3-2: Ground out U3 (Groundball, 13, EV 85.6 MPH)
|
|
Batting: RHB Ben Droge
|
0-0: Called Strike 0-1: Swinging Strike 0-2: Foul Ball, location: 2F 0-2: Ball 1-2: Ball 2-2: Ground out U3 (Groundball, 3, EV 91.3 MPH)
|
| Bottom of the 3rd over - 0 runs, 0 hits, 0 errors, 0 left on base; Birmingham 5 - Chattanooga 0 |
| TOP OF THE 4TH |
|
Birmingham Barons batting - Pitching for Chattanooga Lookouts : LHP Craig Anderson
|
|
Batting: LHB Ryan Dyal
|
0-0: Called Strike 0-1: Ball 1-1: Foul Ball, location: 2F 1-2: Ground out 6-3 (Groundball, 6, EV 80.0 MPH)
|
|
Batting: SHB Tim Edelman
|
0-0: Ball 1-0: Foul Ball, location: 2F 1-1: Called Strike 1-2: SINGLE (Line Drive, 6D, EV 98.1 MPH)
|
|
Batting: RHB Bobby Gulsby
|
0-0: Ball 1-0: Fielders Choice at 2nd, 6-4 (Groundball, 6S, EV 80.6 MPH)
|
|
Batting: RHB Dieter Knoops
|
0-0: Ball 1-0: Swinging Strike 1-1: Fly out, F4 (Flyball, 4MD, EV 86.9 MPH)
|
| Top of the 4th over - 0 runs, 1 hit, 0 errors, 1 left on base; Birmingham 5 - Chattanooga 0 |
| BOTTOM OF THE 4TH |
|
Chattanooga Lookouts batting - Pitching for Birmingham Barons : RHP Alberto Castillo
|
|
Batting: LHB Marius Tadini
|
0-0: Ball 1-0: Reached on error, E3 (Groundball, 34S, EV 88.1 MPH)
|
|
Batting: RHB Ruben Martinez
|
0-0: Swinging Strike 0-1: Called Strike 0-2: Ball 1-2: Ball 2-2: SINGLE (Line Drive, 3D, EV 106.9 MPH) Marius Tadini to second
|
|
Batting: RHB Isaiah Easter
|
0-0: Ball 1-0: Ball 2-0: Called Strike 2-1: Fielders Choice at 2nd, 6-4 (Groundball, 6, EV 103.1 MPH) Marius Tadini to third
|
|
Batting: RHB Justin Allison
|
0-0: Foul Ball, location: 2F 0-1: SINGLE (Groundball, 56D, EV 95.6 MPH) Marius Tadini scores Isaiah Easter to second
|
|
Batting: LHB Kozo Kanamori
|
0-0: Ball 1-0: Called Strike 1-1: Ground out 4-3 (Groundball, 34D, EV 105.6 MPH) Isaiah Easter to third Justin Allison to second
|
|
Batting: SHB Chris Ortiz
|
0-0: Called Strike 0-1: Ball 1-1: Ball 2-1: DOUBLE (Line Drive, 9LD, EV 98.8 MPH) Isaiah Easter scores Justin Allison scores
|
|
Batting: RHB Julian de Reus
|
0-0: Ball 1-0: Swinging Strike 1-1: Ball 2-1: Fly out, F5 (Line Drive, 5, EV 73.8 MPH)
|
| Bottom of the 4th over - 3 runs, 3 hits, 1 error, 1 left on base; Birmingham 5 - Chattanooga 3 |
| TOP OF THE 5TH |
|
Birmingham Barons batting - Pitching for Chattanooga Lookouts : LHP Craig Anderson
|
|
Batting: RHB Justin Walker
|
0-0: Ball 1-0: SINGLE (Line Drive, 8RS, EV 92.5 MPH)
|
|
Batting: RHB Tony Reyna
|
0-0: Ball Justin Walker is caught stealing 2nd base 2-4 1-0: Called Strike 1-1: Foul Ball, location: 2F 1-2: SINGLE (Line Drive, 89S, EV 91.9 MPH)
|
|
Batting: RHB Casey McKinney
|
0-0: Foul Ball, location: 2F 0-1: Called Strike 0-2: Ball 1-2: Ball 2-2: Grounds into double play, 6-4-3 (Groundball, 6MD, EV 106.9 MPH)
|
| Top of the 5th over - 0 runs, 2 hits, 0 errors, 0 left on base; Birmingham 5 - Chattanooga 3 |
| BOTTOM OF THE 5TH |
|
Chattanooga Lookouts batting - Pitching for Birmingham Barons : RHP Alberto Castillo
|
|
Batting: RHB Francisque Regras
|
0-0: Ball 1-0: Swinging Strike 1-1: Ground out 1-3 (Groundball, 15S, EV 68.1 MPH)
|
|
Batting: RHB Ben Droge
|
0-0: Ball 1-0: Called Strike 1-1: Foul Ball, location: 2F 1-2: Strikes out swinging
|
|
Batting: LHB Marius Tadini
|
0-0: Called Strike 0-1: Foul Ball, location: 2F 0-2: Strikes out looking
|
| Bottom of the 5th over - 0 runs, 0 hits, 0 errors, 0 left on base; Birmingham 5 - Chattanooga 3 |
| TOP OF THE 6TH |
|
Birmingham Barons batting - Pitching for Chattanooga Lookouts : LHP Craig Anderson
|
|
Batting: LHB Nick Ramsdell
|
0-0: Swinging Strike 0-1: Ball 1-1: Ball 2-1: Ball 3-1: Ground out 2-3 (Groundball, 15S, EV 71.3 MPH)
|
|
Batting: LHB Kevin Rolison
|
0-0: Foul Ball, location: 2F 0-1: Called Strike 0-2: Ground out 6-3 (Groundball, 6M, EV 89.4 MPH)
|
|
Batting: LHB Ryan Dyal
|
0-0: Fly out, F4 (Flyball, 34D, EV 80.6 MPH)
|
| Top of the 6th over - 0 runs, 0 hits, 0 errors, 0 left on base; Birmingham 5 - Chattanooga 3 |
| BOTTOM OF THE 6TH |
|
Chattanooga Lookouts batting - Pitching for Birmingham Barons : RHP Alberto Castillo
|
|
Batting: RHB Ruben Martinez
|
0-0: Called Strike 0-1: Called Strike 0-2: Ball 1-2: Ground out 5-3 (Groundball, 5, EV 107.5 MPH)
|
|
Batting: RHB Isaiah Easter
|
0-0: Ball 1-0: Ball 2-0: Ball 3-0: Called Strike 3-1: Called Strike 3-2: Ground out 6-3 (Groundball, 6, EV 95.0 MPH)
|
|
Batting: RHB Justin Allison
|
0-0: Swinging Strike 0-1: Ball 1-1: Ball 2-1: Swinging Strike 2-2: Foul Ball, location: 2F 2-2: Ground out 4-3 (Groundball, 4, EV 83.1 MPH)
|
| Bottom of the 6th over - 0 runs, 0 hits, 0 errors, 0 left on base; Birmingham 5 - Chattanooga 3 |
| TOP OF THE 7TH |
|
Birmingham Barons batting - Pitching for Chattanooga Lookouts : LHP Craig Anderson
|
|
Pitching: RHP Curtis Ferguson
|
|
|
Batting: SHB Tim Edelman
|
0-0: Called Strike 0-1: Fly out, F6 (Line Drive, 6, EV 73.1 MPH)
|
|
Batting: RHB Bobby Gulsby
|
0-0: Ground out 1-3 (Groundball, 13S, EV 71.9 MPH)
|
|
Batting: RHB Dieter Knoops
|
0-0: Ball 1-0: Foul Ball, location: 2F 1-1: Ball 2-1: Ground out 4-3 (Groundball, 4, EV 84.4 MPH)
|
| Top of the 7th over - 0 runs, 0 hits, 0 errors, 0 left on base; Birmingham 5 - Chattanooga 3 |
| BOTTOM OF THE 7TH |
|
Chattanooga Lookouts batting - Pitching for Birmingham Barons : RHP Alberto Castillo
|
|
Batting: LHB Kozo Kanamori
|
0-0: Ball 1-0: Swinging Strike 1-1: Foul Ball, location: 2F 1-2: Ground out 4-3 (Groundball, 4, EV 78.1 MPH)
|
|
Batting: SHB Chris Ortiz
|
0-0: Ball 1-0: Ball 2-0: Ball 3-0: Called Strike 3-1: Ground out 5-3 (Groundball, 56, EV 104.4 MPH)
|
|
Batting: RHB Julian de Reus
|
0-0: Called Strike 0-1: Ground out U3 (Groundball, 34, EV 85.6 MPH)
|
| Bottom of the 7th over - 0 runs, 0 hits, 0 errors, 0 left on base; Birmingham 5 - Chattanooga 3 |
| TOP OF THE 8TH |
|
Birmingham Barons batting - Pitching for Chattanooga Lookouts : RHP Curtis Ferguson
|
|
Pitching: RHP Justin Gorden
|
|
|
Batting: RHB Justin Walker
|
0-0: Called Strike 0-1: Ground out 6-3 (Groundball, 6S, EV 90.0 MPH)
|
|
Batting: RHB Tony Reyna
|
0-0: Ball 1-0: SOLO HOME RUN (Flyball, 7LD, EV 97.5 MPH), Distance : 351 ft
|
|
Batting: RHB Casey McKinney
|
0-0: Called Strike 0-1: Ball 1-1: Ball 2-1: Ball 3-1: Ground out 4-3 (Groundball, 4, EV 83.1 MPH)
|
|
Batting: LHB Nick Ramsdell
|
0-0: Foul Ball, location: 2F 0-1: Foul Ball, location: 2F 0-2: Ball 1-2: SINGLE (Line Drive, 56D, EV 98.8 MPH)
|
|
Batting: LHB Kevin Rolison
|
0-0: Called Strike 0-1: Ball 1-1: Ball 2-1: Ball 3-1: Foul Ball, location: 2F 3-2: Ground out 6-3 (Groundball, 6MD, EV 98.1 MPH)
|
| Top of the 8th over - 1 run, 2 hits, 0 errors, 1 left on base; Birmingham 6 - Chattanooga 3 |
| BOTTOM OF THE 8TH |
|
Chattanooga Lookouts batting - Pitching for Birmingham Barons : RHP Alberto Castillo
|
|
Pitching: RHP Ryan Columbo
|
|
|
Now at 1B: Sharafat Khanum
|
|
|
Pinch Hitting: LHB Matt Robertson
|
0-0: Foul Ball, location: 2F 0-1: Swinging Strike 0-2: Foul Ball, location: 2F 0-2: Foul Ball, location: 2F 0-2: SOLO HOME RUN (Flyball, 9LD, EV 98.8 MPH), Distance : 345 ft
|
|
Pinch Hitting: LHB Armando Rendon
|
0-0: SOLO HOME RUN (Flyball, 9D, EV 97.5 MPH), Distance : 384 ft
|
|
Batting: LHB Marius Tadini
|
0-0: Swinging Strike 0-1: Ball 1-1: Called Strike 1-2: Foul Ball, location: 2F 1-2: Foul Ball, location: 2F 1-2: Foul Ball, location: 2F 1-2: Foul Ball, location: 2F 1-2: Strikes out looking
|
|
Batting: RHB Ruben Martinez
|
0-0: Called Strike 0-1: Foul Ball, location: 2F 0-2: SINGLE (Line Drive, 9LM, EV 97.5 MPH)
|
|
Batting: RHB Isaiah Easter
|
0-0: Ball 1-0: Called Strike 1-1: Swinging Strike 1-2: Foul Ball, location: 2F 1-2: Fly out, F3 (Popup, 23F, EV 86.3 MPH)
|
|
Pitching: RHP Jesus Griego
|
|
|
Now at 1B: Ryan Karg
|
|
|
Now at 2B: Tony Reyna
|
|
|
Now at 3B: Sharafat Khanum
|
|
|
Batting: RHB Justin Allison
|
0-0: Foul Ball, location: 2F 0-1: Foul Ball, location: 2F 0-2: Strikes out swinging
|
| Bottom of the 8th over - 2 runs, 3 hits, 0 errors, 1 left on base; Birmingham 6 - Chattanooga 5 |
| TOP OF THE 9TH |
|
Birmingham Barons batting - Pitching for Chattanooga Lookouts : RHP Justin Gorden
|
|
Pitching: RHP Mike Ferry
|
|
|
Now at 3B: Armando Rendon
|
|
|
Now at SS: Bobby Paredes
|
|
|
Batting: LHB Ryan Karg
|
0-0: Ball 1-0: Ground out 4-3 (Groundball, 34, EV 80.0 MPH)
|
|
Batting: SHB Tim Edelman
|
0-0: Fly out, F9 (Flyball, 9, EV 95.6 MPH)
|
|
Batting: RHB Bobby Gulsby
|
0-0: Called Strike 0-1: Ball 1-1: Ball 2-1: Ball 3-1: SINGLE (Groundball, 6MD, EV 101.3 MPH)
|
|
Batting: RHB Dieter Knoops
|
0-0: Called Strike 0-1: SINGLE (Line Drive, 7S, EV 104.4 MPH) Bobby Gulsby to second
|
|
Batting: RHB Justin Walker
|
0-0: Ball 1-0: Foul Ball, location: 2F 1-1: Ball 2-1: Swinging Strike 2-2: Strikes out swinging
|
| Top of the 9th over - 0 runs, 2 hits, 0 errors, 2 left on base; Birmingham 6 - Chattanooga 5 |
| BOTTOM OF THE 9TH |
|
Chattanooga Lookouts batting - Pitching for Birmingham Barons : RHP Jesus Griego
|
|
Pitching: LHP Rhett Beers
|
|
|
Pinch Hitting: RHB Masaichi Tokunaga
|
0-0: Foul Ball, location: 2F 0-1: Ball 1-1: Ball 2-1: Reached on error, E6 (Groundball, 6S, EV 85.0 MPH)
|
|
Batting: SHB Chris Ortiz
|
0-0: Bunt missed! 0-1: Bunt missed! 0-2: Grounds into double play, 4-6-3 (Groundball, 34, EV 91.3 MPH)
|
|
Batting: RHB Julian de Reus
|
0-0: Swinging Strike 0-1: Foul Ball, location: 2F 0-2: Ball 1-2: Foul Ball, location: 2F 1-2: Foul Ball, location: 2F 1-2: Foul Ball, location: 2F 1-2: SINGLE (Line Drive, 89S, EV 106.9 MPH)
|
|
Batting: RHB Bobby Paredes
|
0-0: Ball 1-0: Called Strike 1-1: Ball 2-1: DOUBLE (Line Drive, 7LS, EV 95.6 MPH) Julian de Reus to third
|
|
Batting: LHB Armando Rendon
|
0-0: Intentional Walk
|
|
Pinch Hitting: RHB Miguel Verduzco
|
0-0: Ball 1-0: Called Strike 1-1: Foul Ball, location: 2F 1-2: Ball 2-2: Hit by Pitch Julian de Reus scores Bobby Paredes to third Armando Rendon to second
|
|
Batting: RHB Ruben Martinez
|
0-0: Ball 1-0: Ball 2-0: Foul Ball, location: 2F 2-1: Ball 3-1: SINGLE (Line Drive, 8RS, EV 105.6 MPH) Bobby Paredes scores
|
| Bottom of the 9th over - 2 runs, 3 hits, 1 error, 0 left on base; Birmingham 6 - Chattanooga 7 |
| |
|
Game Over ... Chattanooga defeats Birmingham, 7 to 6
|
|
|